 Dungeon Crawl Stone Soup version 0.26-a0-1139-g7d2dc893a1 (webtiles) character file.

Game seed: 11844351781530058489

90 midijamz the Chopper (level 4, -5/41 HPs)
             Began as a Hill Orc Berserker on Dec 21, 2020.
             Was a Believer of Trog.
             Killed from afar by an orc wizard (7 damage)
             ... with a magic dart
             ... on level 3 of the Dungeon.
             The game lasted 00:02:47 (2794 turns).

midijamz the Chopper (Hill Orc Berserker)           Turns: 2794, Time: 00:02:49

Health: -5/41      AC:  6    Str: 20    XL:     4   Next: 56%
Magic:  4/4        EV: 10    Int:  7    God:    Trog [**....]
Gold:   104        SH:  0    Dex: 10    Spells: 3/3 levels left

rFire    . . .     SeeInvis .   a - +0 hand axe
rCold    . . .     Faith    .   (no shield)
rNeg     . . .     Spirit   .   k - +0 scale mail
rPois    .         Reflect  .   (no helmet)
rElec    .         Harm     .   (no cloak)
rCorr    .         Rampage  .   (no gloves)
Will     .....                  (no boots)
Stlth    ..........             (no amulet)
HPRegen  0.13/turn              (no ring)
MPRegen  0.09/turn              (no ring)

@: berserk cooldown, slowed, very slow
A: no striking features
a: Renounce Religion, Berserk, Trog's Hand


You were on level 3 of the Dungeon.
You worshipped Trog.
Trog was pleased with you.
You visited 1 branch of the dungeon, and saw 3 of its levels.

You collected 104 gold pieces.

Inventory:

Hand Weapons
 a - a +0 hand axe (weapon)
Armour
 k - a +0 scale mail (worn)
Scrolls
 b - a scroll of remove curse {unknown}
 c - 6 scrolls of identify {unknown}
 e - 2 scrolls of teleportation {unknown}
 f - a scroll of fear {unknown}
 j - a scroll of enchant armour {unknown}
Potions
 d - a potion of flight {unknown}
 g - 5 potions of curing {unknown}
 h - a potion of brilliance {unknown}
 i - 2 potions of cancellation {unknown}


   Skills:
 + Level 4.6 Fighting
 + Level 5.5 Axes
 + Level 2.5 Armour
 + Level 1.9 Dodging
 + Level 0.3 Stealth


You had 3 spell levels left.
You didn't know any spells.
Your spell library was empty.

Dungeon Overview and Level Annotations

Branches:
Dungeon (3/15)

Altars:


Message History

You hit the orc wizard but do no damage.
The orc wizard is heavily wounded.
The orc wizard hits you with a +3 dagger.
* * * LOW HITPOINT WARNING * * *
The orc wizard hits you but does no damage.
You are too injured to fight recklessly!
You hit the orc wizard but do no damage.
The orc wizard is heavily wounded.
The orc wizard hits you but does no damage.
The orc wizard points at you and mumbles some strange words.
The magic dart hits you.
* * * LOW HITPOINT WARNING * * *
You hit the orc wizard but do no damage.
The orc wizard is heavily wounded.
The orc wizard casts a spell at you. The magic dart hits you.
* * * LOW HITPOINT WARNING * * *
The orc wizard gestures at you while chanting.
The magic dart hits you!
You die...

' .## .## .. #.####
.?# ... #....# #.#
.... #.[..# #.#
.....###... #.##
.........######..#
#.†....).)#.#
#.......o(#.##
#.......@.#..####.#.
#####...............
#.....##..###.#
#.....###.# .#
#.....###.# .# #
#...#...#.###.#.#
#...#.##......#.###
#...#..+......[...#
#...#.##..........


You could see an orc wizard (fast).

Vanquished Creatures
  3 adders
  2 oozes
  2 worms (D:3)
  3 dart slugs
  2 leopard geckos (D:1)
  2 orcs (D:3)
  A ball python (D:1)
  6 goblins
  A hobgoblin (D:2)
  7 jackals
  3 bats
  A frilled lizard (D:2)
  A kobold (D:1)
  7 rats
41 creatures vanquished.

Notes
Turn   | Place    | Note
-------+----------+-------------------------------------------
     0 | D:1      | midijamz the Hill Orc Berserker began the quest for the
                  | Orb.
     0 | D:1      | Reached XP level 1. HP: 19/19 MP: 1/1
    95 | D:1      | Reached XP level 2. HP: 27/27 MP: 2/2
  1276 | D:2      | Reached XP level 3. HP: 27/33 MP: 3/3
  1753 | D:2      | Reached skill level 5 in Axes
  2413 | D:3      | Reached XP level 4. HP: 16/41 MP: 4/4
  2762 | D:3      | Reached ** piety under Trog
  2794 | D:3      | HP: 2/41 [orc wizard/magic dart (4)]
  2794 | D:3      | Killed from afar by an orc wizard

Illustrated notes

Levels and vault maps discovered:
D:1:      evilmike_arrival_home_sweet_home, layout_basic, serial_curves,
          eino_curves_03, eino_curves_01, amethyst_killhole
D:2:      layout_loops_corners
D:3:      layout_basic, xom_redecorated,
          nicolae_dithmenos_through_a_glass_darkly,
          chequers_temple_overflow_minitemple

Skill      XL: |  1  2  3 |
---------------+----------+-----
Fighting       | 4 |  4.6
Axes           | 5 |  5.5
Armour         | |  2.5
Dodging        | |  1.9
Stealth        | |  0.3

Action                   |  1- 3 |  4- 6 || total
-------------------------+-------+-------++-------
Melee: Hand axe          |   105 |    62 ||   167
Invok: Berserk           |       |     1 ||     1
  Use: Potion            |     1 |       ||     1
 Stab: Sleeping          |     1 |       ||     1
Armor: Animal skin       |    12 |       ||    12
       Scale mail        |     5 |    47 ||    52
Dodge: Dodged            |    70 |    28 ||    98

Table legend: (Time is in decaauts)
 A = Elapsed time spent in this place.
 B = Non-inter-level travel time spent in this place.
 C = Inter-level travel time spent in this place.
 D = Time resting spent in this place.
 E = Time spent auto-exploring this place.
 F = Levels seen in this place.
 G = Mean time per level.
                   A        B        C        D        E       F      G
               +--------+--------+--------+--------+--------+-----+--------+
         Total |   2809 |   2786 |     23 |    373 |   2054 |   3 |  936.3 |
       Dungeon |   2809 |   2786 |     23 |    373 |   2054 |   3 |  936.3 |
               +--------+--------+--------+--------+--------+-----+--------+

Top non-repeatable levels by time:
     D:1: 1129 daAuts
     D:2: 1076 daAuts
     D:3: 603 daAuts
